 Dungeon Crawl Stone Soup version 0.21.1-1-g345015f (webtiles) character file.

23 ChromeMolly the Stinger (level 3, 0/24 HPs)
             Began as an Octopode Wanderer on Feb 18, 2018.
             Slain by a goblin
             ... wielding a +0 dagger
             ... led by Robin
              (2 damage)
             ... on level 2 of the Dungeon.
             The game lasted 00:04:58 (1159 turns).

ChromeMolly the Stinger (Octopode Wanderer)         Turns: 1159, Time: 00:04:59

Health: 0/24       AC:  1    Str: 11    XL:     3   Next: 0%
Magic:  1/4        EV: 12    Int: 15    God:
Gold:   28         SH:  0    Dex: 11    Spells: 1/2 levels left

rFire    . . .     SeeInvis .   e - +2 dagger (freeze)
rCold    . . .     Gourm    .   (no shield)
rNeg     . . .     Faith    .   (helmet restricted)
rPois    .         Spirit   .   (no amulet)
rElec    .         Reflect  .   (no ring)
rCorr    .         Harm     .   (no ring)
MR       .....                  (no ring)
Stlth    +++.......             (no ring)
HPRegen  0.08/turn              (no ring)
MPRegen  0.09/turn              (no ring)
                                (no ring)
                                (no ring)

@: lethally poisoned (0 -> -10)
A: almost no armour, stealthy swim, amphibious, 8 rings, constrict 8, camouflage
1, gelatinous body 1
a: no special abilities


You were on level 2 of the Dungeon.
You were hungry.

You visited 1 branch of the dungeon, and saw 2 of its levels.

You collected 28 gold pieces.

Inventory:

Hand Weapons
 d - a +0 dagger
 e - a +2 dagger of freezing (weapon)
Wands
 a - a wand of flame (13)
Scrolls
 g - a scroll of blinking {unknown}
 h - a scroll of random uselessness {unknown}
 i - a scroll of amnesia {unknown}
 j - 3 scrolls of teleportation {unknown}
 k - a scroll of remove curse {unknown}
Books
 b - Aso Fue's Catalogue of Darkness

   Spells                             Type                      Level
   a - Corpse Rot                     Necromancy                   2
   b - Sublimation of Blood           Necromancy                   2
 c - Udyrreos's Papyrus of Venom

   Spells                             Type                      Level
   a - Sting                          Conjuration/Poison           1
   b - Spider Form                    Transmutation/Poison         3
Comestibles
 f - 3 rations


   Skills:
 + Level 1.9 Fighting
   Level 2.0 Axes
 + Level 2.0 Stealth
 + Level 6.2 Poison Magic
 + Level 1.7 Evocations


You had one spell level left.
You knew the following spells:

 Your Spells              Type           Power        Failure   Level  Hunger
a - Sting                 Conj/Pois      #...         8%          1    ##.....


Dungeon Overview and Level Annotations

Branches:
Dungeon (2/15)

Altars:

Annotations:
D:2 Robin


Innate Abilities, Weirdness & Mutations

You cannot wear most types of armour.
You are very stealthy in the water. (Stealth+)
You are amphibious.
You can wear up to eight rings at the same time.
You can use your tentacles to constrict eight enemies at once.
Your skin changes colour to match your surroundings (Stealth+).
Your rubbery body absorbs attacks. (AC +1, EV +1)


Message History

You aren't carrying any potions.
You hit the goblin. You freeze the goblin.
You kill the goblin!
You have reached level 3!
Your experience leads to an increase in your attributes!
Increase (S)trength, (I)ntelligence, or (D)exterity?
You feel agile.
You feel sick. Robin throws the goblin at you!
A worm comes into view.
You completely miss the goblin. Your grab misses the goblin.
You feel sick. The goblin closely misses you. The goblin misses you.
Robin throws the goblin at you!
You closely miss the goblin. You grab the goblin. You squeeze the goblin.
The goblin is moderately wounded.
You constrict the goblin.
You feel sick. The goblin hits you with a dagger.
* * * LOW HITPOINT WARNING * * *
The goblin barely misses you. The goblin hits you with a dagger.
* * * LOW HITPOINT WARNING * * *
The goblin hits you with a dagger.
You die...

..# #.# ##+## .. #.#
..... ##.#########.#
......
...........#.#
......
#......##.#.##g.....
#..###'##.#.#..g....
# #<.......#gg...w.
#.......g@gg.....
+.....#.ggg.#####
#.....#.#.....$
#.....#...[...)..
..................
#########...#.?...
..........
..........


You could see a worm, Robin, 2 hobgoblins and 7 goblins.

Vanquished Creatures
  A dart slug (D:1)
  A leopard gecko (D:1)
  6 goblins
  4 hobgoblins (D:1)
  4 bats (D:1)
  A frilled lizard (D:1)
  A kobold (D:1)
  A rat (D:1)
19 creatures vanquished.

Notes
Turn   | Place    | Note
-------+----------+-------------------------------------------
     0 | D:1      | ChromeMolly the Octopode Wanderer began the quest for the Orb.
     0 | D:1      | ChromeMolly set off with: a wand of flame (15), Aso Fue's Catalogue of Darkness, Udyrreos's Papyrus of Venom, a +0 club, a ration
     0 | D:1      | Reached XP level 1. HP: 13/13 MP: 1/1
     1 | D:1      | Identified Aso Fue's Catalogue of Darkness
     1 | D:1      | Identified Udyrreos's Papyrus of Venom
   417 | D:1      | Reached XP level 2. HP: 17/18 MP: 2/2
   510 | D:1      | Learned a level 1 spell: Sting
  1153 | D:2      | Noticed Robin
  1157 | D:2      | Reached XP level 3. HP: 17/24 MP: 1/4
  1159 | D:2      | Slain by a goblin

Skill      XL: |  1  2 |
---------------+-------+-----
Stealth        | 2 |  2.0
Fighting       | |  1.9
Axes           | |  2.0
Poison Magic   | |  6.2
Evocations     | |  1.7

Action                   || total
-------------------------++-------
Melee: Dagger            ||    30
       Club              ||     6
       Constrict         ||     9
       Tentacles         ||     2
 Cast: Sting             ||     5
Evoke: Wand              ||     2
 Stab: Sleeping          ||     2
Armor: Skin              ||     3
Dodge: Dodged            ||    24
